 Dungeon Crawl Stone Soup version 0.26.1-11-gd32895ea62 (webtiles) character file.

Game seed: 8197360154777126115

837 Descartes the Conjurer (level 7, 0/36 HPs)
             Began as a Deep Elf Hedge Wizard on May 30, 2021.
             Was an Initiate of Gozag.
             Shot with an arrow by a centaur (12 damage)
             ... on level 6 of the Dungeon.
             The game lasted 00:17:54 (7635 turns).

Descartes the Conjurer (Deep Elf Hedge Wizard)      Turns: 7635, Time: 00:17:54

Health: 0/36       AC:  3    Str: 13    XL:     7   Next: 66%
Magic:  10/16      EV: 13    Int: 21    God:    Gozag
Gold:   278        SH:  5    Dex: 14    Spells: 10/16 levels left

rFire    . . .     SeeInvis .   a - +0 dagger
rCold    . . .     Faith    .   p - +0 buckler
rNeg     . . .     Spirit   .   j - +0 robe {Will+}
rPois    .         Reflect  .   c - +0 hat
rElec    .         Harm     .   (no cloak)
rCorr    .         Rampage  .   (no gloves)
Will     +....                  F - +0 pair of boots
Stlth    ++........             v - amulet of magic regeneration
HPRegen  0.12/turn              h - +6 ring of strength
MPRegen  0.40/turn              i - ring of wizardry

@: no status effects
A: no striking features
a: Renounce Religion, Potion Petition, Call Merchant, Bribe Branch


You were on level 6 of the Dungeon.
You worshipped Gozag.
Gozag was aware of your devotion.
You visited 2 branches of the dungeon, and saw 7 of its levels.

You collected 361 gold pieces.
You paid 83 gold pieces to Gozag.

Inventory:

Hand Weapons
 a - a +0 dagger (weapon)
 C - a +0 great sword of draining
Missiles
 d - 64 poisoned darts (quivered)
 e - 42 arrows
 l - 147 stones
 t - 80 sling bullets
 E - 3 silver javelins
Armour
 b - a +0 robe
 c - a +0 hat (worn)
 j - a +0 robe of willpower (worn)
 p - a +0 buckler (worn)
 y - a +0 kite shield
 F - a +0 pair of boots (worn)
Jewellery
 h - a +6 ring of strength (left hand)
 i - a ring of wizardry (right hand)
 u - an uncursed ring of resist corrosion
 v - an amulet of magic regeneration (around neck)
Wands
 f - a wand of flame (32)
 g - a wand of acid (5)
Scrolls
 k - 5 scrolls of remove curse
 m - 3 scrolls of blinking
 n - 3 scrolls of immolation {unknown}
 q - a scroll of enchant armour {unknown}
 s - a scroll of fear
 x - 3 scrolls of teleportation
 B - a scroll of amnesia
 D - a scroll of magic mapping
 G - 3 scrolls of fog
Potions
 o - a potion of magic
 r - a potion of heal wounds
 w - a potion of resistance
 z - a potion of haste {unknown}
 A - a potion of cancellation
 H - a potion of might
 I - a potion of lignification


   Skills:
 - Level 3.5 Dodging
 - Level 2.7 Stealth
 + Level 4.5 Shields
 - Level 5.1 Spellcasting
 + Level 6.2 Conjurations
 - Level 1.1 Summonings
 - Level 1.1 Translocations


You had 10 spell levels left.
You knew the following spells:

 Your Spells              Type           Power        Failure   Level
a - Magic Dart            Conj           100%         1%          1
b - Blink                 Tloc           N/A          4%          2
c - Mephitic Cloud        Conj/Pois/Air  14%          6%          3

Your spell library contained the following spells:

 Spells                   Type           Power        Failure   Level
 Conjure Flame            Conj/Fire      18%          3%          3
 Call Imp                 Summ           9%           4%          2
 Slow                     Hex            5%           6%          2
 Gell's Gravitas          Tloc           4%           9%          3
 Confusing Touch          Hex            5%           13%         3
 Petrify                  Tmut/Erth      5%           38%         4
 Metabolic Englaciation   Hex/Ice        2%           71%         5
 Yara's Violent Unravell  Hex/Tmut       2%           71%         5


Dungeon Overview and Level Annotations

Branches:
Dungeon (6/15)             Temple (1/1) D:5

Altars:
Cheibriados
Dithmenos
Elyvilon
Gozag
Hepliaklqana
Kikubaaqudgha
Nemelex Xobeh
Okawaru
Qazlal
Ru
Sif Muna
Trog
Vehumet
Wu Jian
Yredelemnul
Zin
The Shining One

Shops:
D:4 [   D:5 [


Message History

The centaur shoots an arrow.
The arrow hits you.
Casting: Magic Dart (safe; 1% risk of failure)
Confirm with . or Enter, or press ? or * to list all spells.
Aiming: Magic Dart (safe; 1% risk of failure)
Press: ? - help, Shift-Dir - straight line, f/p - centaur
Aim: a centaur, wielding a +0 shortbow and quivering 11 arrows (severely wounded, 0% to evade)
The magic dart hits the centaur but does no damage.
The centaur is severely wounded.
The centaur shoots an arrow.
The arrow completely misses you.
Casting: Magic Dart (safe; 1% risk of failure)
Confirm with . or Enter, or press ? or * to list all spells.
Aiming: Magic Dart (safe; 1% risk of failure)
Press: ? - help, Shift-Dir - straight line, f/p - centaur
Aim: a centaur, wielding a +0 shortbow and quivering 10 arrows (severely wounded, 0% to evade)
The magic dart hits the centaur.
The centaur is almost dead.
The hound stops to sniff the ground.
The centaur shoots an arrow.
The arrow hits you!
You die...
Your body crumbles into a pile of gold.

##. #.##.............##
....###.##..........#.[..
...?...........)#...#....
..........>....###.......
..............## ##....#.
....#.###<(#### ##.....
... # ##.## ##.... #)(# $
#.##... #@## +......
#...# #.##... #.c### #
#.... #h# #...>. ..Y
#...... ... $ #.......
... .##..### ... #..


You could see an ice beast, a centaur and a hound.

Vanquished Creatures
  An orc warrior (D:5)
  An ice beast (D:6)
  A necrophage (D:4)
  A scorpion (D:5)
  2 howler monkeys (D:4)
  2 hounds
  An orc priest (D:5)
  Jessica (D:3)
  An orc wizard (D:5)
  4 worker ants
  A worker ant zombie (D:5)
  4 adders
  4 gnolls (D:4)
  2 shadow imps (D:5)
  2 ufetubi (D:5)
  An ooze (D:2)
  A worm (D:5)
  3 dart slugs
  2 leopard geckos
  7 orcs
  9 bats
  2 giant cockroaches
  2 hobgoblins
  13 jackals
  9 kobolds
  2 quokkas
  A ball python (D:1)
  5 frilled lizards
  8 goblins
  A jackal skeleton (D:4)
  A leopard gecko skeleton (D:5)
  7 rats
102 creatures vanquished.

Notes
Turn   | Place    | Note
-------+----------+-------------------------------------------
     0 | D:1      | Descartes the Deep Elf Hedge Wizard began the quest for the
                  | Orb.
     0 | D:1      | Reached XP level 1. HP: 10/10 MP: 7/7
   403 | D:1      | Reached XP level 2. HP: 15/15 MP: 4/9
   789 | D:1      | Reached skill level 5 in Spellcasting
  1201 | D:2      | Reached XP level 3. HP: 2/19 MP: 2/11
  2003 | D:2      | Reached skill level 2 in Conjurations
  2101 | D:2      | Reached skill level 1 in Shields
  2104 | D:2      | Reached XP level 4. HP: 24/24 MP: 5/13
  3080 | D:3      | Noticed Jessica
  3085 | D:3      | Killed Jessica
  3113 | D:3      | Found a hazy altar of Hepliaklqana.
  3199 | D:3      | Reached skill level 3 in Conjurations
  3493 | D:4      | Found a basalt altar of Yredelemnul.
  3540 | D:4      | Reached XP level 5. HP: 28/28 MP: 9/14
  3663 | D:4      | Noticed a necrophage
  3672 | D:4      | Killed a necrophage
  3673 | D:4      | Reached skill level 4 in Conjurations
  3673 | D:4      | Reached XP level 6. HP: 21/32 MP: 8/15
  4539 | D:4      | Found Yfruhel's Armour Shop.
  5105 | D:5      | Entered Level 5 of the Dungeon
  5853 | D:5      | Reached skill level 5 in Conjurations
  5929 | D:5      | Learned a level 2 spell: Blink
  5933 | D:5      | Learned a level 3 spell: Mephitic Cloud
  6094 | D:5      | Reached XP level 7. HP: 36/36 MP: 9/16
  6149 | D:5      | Found Liossesa's Armour Shop.
  6571 | D:5      | Found a staircase to the Ecumenical Temple.
  6725 | Temple   | Entered the Ecumenical Temple
  6907 | Temple   | Became a worshipper of Gozag Ym Sagoz the Greedy
  7119 | D:5      | Reached skill level 6 in Conjurations
  7635 | D:6      | Shot with an arrow by a centaur

Illustrated notes

Levels and vault maps discovered:
D:1:      elethiomel_arrival_infinity_welcomes_careful_drivers, layout_rooms,
          fountainhead, chequers_serial_rivers_micro_b
D:2:      layout_basic, minmay_octomino_j4
D:3:      lemuel_upstairs_altar, layout_basic, nzn_hepliaklqana_mist_gate,
          uniq_jessica
D:4:      layout_gridville, serial_shops, nicolae_shop_stone,
          yredelemnul_altar_generic
D:5:      layout_gridville, temple_hall, serial_shops, shop, corexii_shack,
          corexii_checkpoint_a
D:6:      layout_rooms, grunt_temple_overflow_diamond, overflow_temple_1_default
Temple:   eino_temple_rhombus

Skill      XL: |  1  2  3  4  5  6  7 |
---------------+----------------------+-----
Spellcasting   | 5 |  5.1
Dodging        | 3 |  3.5
Conjurations   | 2 3 4 5 6 |  6.2
Shields        | 1 2 3 4 |  4.5
Stealth        | |  2.7
Summonings     | |  1.1
Translocations | |  1.1

Action                   |  1- 3 |  4- 6 |  7- 9 || total
-------------------------+-------+-------+-------++-------
Melee: Dagger            |    29 |       |       ||    29
 Cast: Magic Dart        |   103 |   165 |    76 ||   344
Evoke: Wand              |       |       |     1 ||     1
  Use: Potion            |     1 |     2 |       ||     3
       Scroll            |       |    12 |     1 ||    13
Armor: Robe              |     9 |     2 |     4 ||    15
       Skin              |       |     2 |       ||     2
Dodge: Dodged            |    45 |    21 |    12 ||    78
Block: Buckler           |       |       |     3 ||     3
